 Dungeon Crawl Stone Soup version 0.32-a0-791-gfc315c9ecd (webtiles) character file.

Game seed: 3294571197926539865

30 buglover the Firebug (level 3, -5/24 HPs)
             Began as a Demonspawn Fire Elementalist on Mar 20, 2024.
             Slain by Terence
             ... wielding a +0 mace
              (9 damage)
             ... on level 2 of the Dungeon.
             The game lasted 00:19:35 (724 turns).

buglover the Firebug (Demonspawn Fire Elementalist)  Turns: 724, Time: 00:19:36

Health: -5/24      AC:  3    Str: 10    XL:     3   Next: 5%
Magic:  6/6        EV: 10    Int: 15    God:
Gold:   104        SH:  0    Dex: 13    Spells: 5/6 levels left

rFire   . . .        p - +0 sling
rCold   . . .        (no shield)
rNeg    . . .        t - +0 leather armour
rPois   .            (helmet restricted)
rElec   .            (no cloak)
rCorr   .            (no gloves)
SInv    .            (no boots)
Will    ++...        (no amulet)
Stlth   ++           (no ring)
HPRegen 0.24/turn    (no ring)
MPRegen 0.10/turn

%: no passive effects
@: enlightened, flying
A: hooves 1, powered by pain 1, antennae 1, strong-willed 1, persistent drain
a: no special abilities


You were on level 2 of the Dungeon.
You visited 1 branch of the dungeon, and saw 2 of its levels.

You collected 104 gold pieces.

Inventory:

Hand Weapons
 e - a +0 whip
 h - a +0 club
 i - a +0 dagger
 l - a +0 club
 p - a +0 sling (weapon)
 s - a +0 short sword of draining
Missiles
 c - 9 stones
 f - 4 poisoned darts
Armour
 a - a +0 robe
 d - a +0 robe
 t - a +0 leather armour (worn)
Scrolls
 j - 2 scrolls of teleportation {unknown}
 m - a scroll of enchant armour {unknown}
 q - a scroll of noise {unknown}
 r - a scroll of amnesia {unknown}
 u - 2 scrolls of identify {unknown}
Potions
 b - a potion of magic
 o - a potion of haste {unknown}


   Skills:
 + Level 0.2 Fighting
 + Level 0.2 Ranged Weapons
 + Level 2.1 Dodging
 + Level 2.0 Stealth
 + Level 0.1 Unarmed Combat
 + Level 2.2 Spellcasting
 + Level 1.1 Conjurations
 + Level 3.1 Fire Magic


You had 5 spell levels left.
You knew the following spells:

 Your Spells              Type           Power      Damage    Failure   Level
a - Foxfire               Conj/Fire      32%        2x1d5     12%         1

Your spell library contained the following spells:

 Spells                   Type           Power      Damage    Failure   Level
 Scorch                   Fire           22%        2d5       12%         2
 Shock                    Conj/Air       12%        1d3       24%         1
 Inner Flame              Hex/Fire       6%         N/A       43%         3
 Volatile Blastmotes      Fire/Tloc      12%        2d11      43%         3
 Swiftness                Air            1%         N/A       65%         3
 Flame Wave               Conj/Fire      8%         2d5       77%         4
 Airstrike                Air            0%         2d(1-17)  96%         4


Dungeon Overview and Level Annotations

Branches:
Dungeon (2/15)

Altars:

Annotations:
D:2 Terence


Innate Abilities, Weirdness & Mutations

You have large cloven feet.
You sometimes gain a little power by taking damage.
You have a pair of small antennae on your head.
You are strong-willed. (Will+)
Your health recovers twice as slowly from being drained.


Message History

Look: a hobgoblin You conjure some foxfire!
The hobgoblin hits you but does no damage.
You shoot a sling bullet.
The sling bullet barely misses the hobgoblin.
The foxfire hits the hobgoblin.
The hobgoblin is almost dead.
The foxfire hits the hobgoblin.
You kill the hobgoblin!
You shoot a sling bullet.
The sling bullet completely misses Terence.
Terence hits you with a +0 mace. x2
You shoot a sling bullet. The sling bullet hits Terence.
Terence is lightly wounded.
Terence hits you but does no damage.
You shoot a sling bullet. The sling bullet barely misses Terence.
Terence says, "Rest in peace."
Terence hits you with a +0 mace!
You focus on the pain.
You feel your power returning. Terence barely misses you.
You are too injured to fight recklessly!
You are too injured to fight recklessly!
You are too injured to fight recklessly!
You are too injured to fight recklessly!
You are too injured to fight recklessly!
You are too injured to fight recklessly!
You shoot a sling bullet. The sling bullet hits Terence.
Terence is lightly wounded.
Terence hits you with a +0 mace.
* * * LOW HITPOINT WARNING * * *
It was a potion of enlightenment.
You feel very buoyant.
You fly up into the air.
Terence closely misses you.
It was a potion of curing.
You feel better. Terence hits you with a +0 mace.
* * * LOW HITPOINT WARNING * * *
It was a potion of mutation.
You feel extremely strange. A pair of antennae grows on your head!
You feel strong-willed.
You begin to recover more slowly from draining effects.
Terence hits you with a +0 mace!
You die...
Terence says, "That felt goooood."

#..#.....#
##.##..####
#..#...#
#.#..#.#
##.#.##.#
#.......# #
#.....### ###.#
#..#...###....##
#..###@@........
#.## ###........
.. #.[.......
... .....?.....
....
>..#.........
...............
.....$.......?.
### ##.........
###.<.....


You could see Terence.

Vanquished Creatures
  An adder (D:2)
  2 ball pythons (D:1)
  A bat (D:1)
  3 endoplasms
  2 giant cockroaches (D:1)
  3 goblins (D:1)
  A hobgoblin (D:2)
  A kobold (D:1)
  A quokka (D:1)
  2 frilled lizards (D:1)
  3 rats (D:1)
20 creatures vanquished.

Vanquished Creatures (others)
  10 foxfires
10 creatures vanquished.

Grand Total: 30 creatures vanquished

Notes
Turn   | Place    | Note
-------+----------+-------------------------------------------
     0 | D:1      | buglover the Demonspawn Fire Elementalist began the quest
                  | for the Orb.
     0 | D:1      | Reached XP level 1. HP: 13/13 MP: 3/3
   122 | D:1      | Reached skill level 3 in Fire Magic
   190 | D:1      | Gained mutation: You have large cloven feet. [demonic
                  | ancestry]
   190 | D:1      | Reached XP level 2. HP: 19/19 MP: 5/5
   703 | D:2      | Gained mutation: You sometimes gain a little power by
                  | taking damage. [demonic ancestry]
   703 | D:2      | Reached XP level 3. HP: 24/24 MP: 4/6
   711 | D:2      | Noticed Terence
   724 | D:2      | Gained mutation: You have a pair of small antennae on your
                  | head. [potion of mutation]
   724 | D:2      | Gained mutation: You are strong-willed. (Will+) [potion of
                  | mutation]
   724 | D:2      | Gained mutation: Your health recovers twice as slowly from
                  | being drained. [potion of mutation]
   724 | D:2      | Slain by Terence

Illustrated notes

Levels and vault maps discovered:
D:1:      enne_arrival_octagon_isle, layout_rooms
D:2:      layout_rooms, uniq_terence

Skill      XL: |  1  2 |
---------------+-------+-----
Dodging        | 2 |  2.1
Fire Magic     | 3 |  3.1
Stealth        | 2 |  2.0
Fighting       | |  0.2
Ranged Weapons | |  0.2
Unarmed Combat | |  0.1
Spellcasting   | |  2.2
Conjurations   | |  1.1

Action                     || total
---------------------------++-------
  Melee: Unarmed           ||    18
         Whip              ||    12
         Dagger            ||    21
         Punch             ||     1
         Kick              ||     4
   Fire: Sling             ||    29
   Cast: Foxfire           ||     9
    Use: Potion            ||     3
 Armour: Robe              ||    33
         Leather armour    ||     8
  Dodge: Dodged            ||    56

Table legend: (Time is in decaauts)
 A = Elapsed time spent in this place.
 B = Non-inter-level travel time spent in this place.
 C = Inter-level travel time spent in this place.
 D = Time resting spent in this place.
 E = Time spent auto-exploring this place.
 F = Levels seen in this place.
 G = Mean time per level.
                   A        B        C        D        E       F      G
               +--------+--------+--------+--------+--------+-----+--------+
         Total |    732 |    480 |    252 |      0 |      0 |   2 |  366.0 |
       Dungeon |    732 |    480 |    252 |      0 |      0 |   2 |  366.0 |
               +--------+--------+--------+--------+--------+-----+--------+

Top non-repeatable levels by time:
     D:1: 578 daAuts
     D:2: 154 daAuts
